groovejumper, neutral female human Wizard ----- |....#####0 |...| -------- ---------------- |...f@ |......+# |.....<........| |...|# |......|# #%)[............| |...|# |......|# #%#|..............| -.-.-# |......|# ) |..............| # # # ----.---# # -------------|-- ## ### # # # # ### # # ### # # # # ### # # [ ### --.--- 0###################### # # |....| ###-.------- ##--.---[ ---.- |...>| #........| ##|....|# |.`.| |....- #|.......| ##......*########..(.| ------ |........#####|....| |...| --------- ------ ----- groovejumper the Thaumaturge Experience level: 7 Strength: 11 Dexterity: 15 Constitution: 14 Intelligence: 18 Wisdom: 10 Charisma: 9 Health: 0(51) Energy: 10(54) AC: 9 Gold: 1158 Moves: 4331 Your Inventory: Coins $ - 1158 gold pieces Weapons a - a blessed +1 quarterstaff v - a [blessed] fireproof [+1] quarterstaff of warning (weapon in hands) Armor b - an uncursed +0 cloak of magic resistance (being worn) Comestibles p - an uncursed sprig of wolfsbane Scrolls i - 2 uncursed scrolls of identify j - an uncursed scroll of enchant weapon o - an uncursed scroll labeled MAPIRO MAHAMA DIROMAT [of light] y - an [uncursed] scroll labeled VELOX NEB [of stinking cloud] A - an [uncursed] scroll labeled ANDOVA BEGARIN [of teleportation] Spellbooks k - a blessed spellbook of force bolt l - an uncursed spellbook of magic missile E - a [cursed] left-handed spellbook [of healing] Potions f - an uncursed clear potion [of water] g - an uncursed clear potion [of water] h - an uncursed clear potion [of water] n - a blessed golden potion [of see invisible] z - an [uncursed] smoky potion [of object detection] D - an [uncursed] puce potion [of gain level] Rings d - an uncursed +1 ring of gain intelligence e - an uncursed ring of poison resistance Wands c - an uncursed wand of light (0:13) B - an [uncursed] wand of striking [0:6] Tools m - an uncursed blindfold w - an [uncursed] bell Spells known in the end: Name Level Category Fail Memory a - force bolt 1 attack 0% [|||||||.] b - magic missile 2 attack 0% [|||||||.] Your skills at the end: Fighting Skills Weapon Skills quarterstaff [Basic / Expert] Spellcasting Skills attack spells [Basic / Expert] enchantment spells [Basic / Skilled] Final Attributes: You were piously aligned. Hunger level was 39. Your alignment was 30 / 31. Monster difficulty range was 1 - 7. Level difficulty was 7. You were magic-protected. You were telepathic. You were warned. You were unlucky (-1). You are dead. Vanquished creatures: a small mimic a giant beetle a winter wolf cub a gnome mummy a mountain nymph 11 Mordor orcs an orc shaman 2 rock piercers an enormous rat 2 floating eyes a kitten a dwarf a kobold shaman a centipede 3 giant bats 2 dwarf zombies a wererat 3 iguanas 2 acid blobs 2 gas spores 3 hobbits a hobgoblin a brown mold a red mold 4 geckos 3 jackals 2 foxes 2 kobolds 2 goblins a bat 4 lichens a kobold zombie 2 newts 66 creatures vanquished. Voluntary challenges: You used a wielded weapon 67 times. You read items or engraved 1 time. You put on armor 1 time. You never genocided any monsters. You never polymorphed an object. You never changed form. You used no wishes. You never wrote Elbereth's name. You never encountered a bones level. You never used any Sokoban shortcuts. Dungeon overview: The Dungeons of Doom: levels 1 to 7 Level 1 a long staircase Level 3 an altar to Thoth Level 4 a long staircase Level 6 a weapon shop, a sink Level 7 <- You were here History has recorded: On T:1 you entered the Dungeons of Doom to retrieve the Amulet of Yendor! On T:298 you reached level 2 of The Dungeons of Doom. On T:365 you advanced to experience level 2. On T:433 you advanced to experience level 3. On T:854 you reached level 3 of The Dungeons of Doom. On T:885 you advanced to experience level 4. On T:1974 you advanced to experience level 5. On T:2358 you received a fireproof quarterstaff of warning from Thoth. On T:2734 you advanced to experience level 6. On T:2744 you reached level 4 of The Dungeons of Doom. On T:3052 you reached level 5 of The Dungeons of Doom. On T:3471 you reached level 6 of The Dungeons of Doom. On T:3735 you advanced to experience level 7. On T:4007 you reached level 7 of The Dungeons of Doom. Latest messages: [HP+1=48] [HP+1=49] Wizard needs food, badly! You feel too weak from hunger to explore. You begin praying to Thoth. [HP+1=50] You finish your prayer. You feel that Thoth is displeased. [3 turns] The panther hits! (2x) The panther bites! [HP-12=38] You miss the panther. The panther hits! (2x) The panther bites! [HP-9=29] You hit the panther. The panther hits! (2x) The panther bites! The panther hits! (2x) The panther bites! [HP-28=1] You hit the panther. The panther hits! You die... Final status: Goodbye groovejumper the Wizard... You died in The Dungeons of Doom on dungeon level 7 with 4675 points, and 1158 pieces of gold, after 4331 moves. You were level 7 with a maximum of 51 hit points when you died.